 Dungeon Crawl Stone Soup version 0.26-a0-812-g31a745ddcd (webtiles) character file.

Game seed: 9360326333391888692

3019 tilp the Slinger (level 10, -8/63 HPs)
             Began as a Halfling Hunter on Nov 27, 2020.
             Was a Priest of Okawaru.
             Mangled by a shadow (16 damage)
             ... on level 9 of the Dungeon.
             The game lasted 00:21:42 (8871 turns).

tilp the Slinger (Halfling Hunter)                  Turns: 8871, Time: 00:21:42

Health: -8/63      AC: 16    Str: 16    XL:     10   Next: 10%
Magic:  13/14      EV: 15    Int:  9    God:    Okawaru [***...]
Gold:   631        SH:  7    Dex: 16    Spells: 9/9 levels left

rFire    + . .     SeeInvis .   b - +2 dagger (freeze)
rCold    . . .     Faith    .   t - +0 buckler
rNeg     . . .     Spirit   .   i - +0 chain mail
rPois    +         Reflect  .   q - +2 helmet
rElec    .         Harm     .   (no cloak)
rCorr    .         Rampage  .   s - +2 pair of gloves
MR       .....                  (no boots)
Stlth    +.........             y - amulet of the acrobat
HPRegen  0.20/turn              x - ring of poison resistance
MPRegen  0.14/turn              u - ring of protection from fire

@: heroism
A: small, mutation resistance 1
a: Heroism, Renounce Religion


You were on level 9 of the Dungeon.
You worshipped Okawaru.
Okawaru was most pleased with you.
You visited 2 branches of the dungeon, and saw 11 of its levels.
You also visited: Ossuary.

You collected 631 gold pieces.

Inventory:

Hand Weapons
 a - a +1 hunting sling
 b - a +2 dagger of freezing (weapon)
 f - a +0 hand axe
 H - a +0 short sword of speed
Missiles
 d - 57 sling bullets
 j - 271 stones (quivered)
Armour
 i - a +0 chain mail (worn)
 q - a +2 helmet (worn)
 s - a +2 pair of gloves (worn)
 t - a +0 buckler (worn)
Jewellery
 m - an uncursed ring of stealth
 p - an uncursed ring of ice
 u - a ring of protection from fire (right hand)
 x - a ring of poison resistance (left hand)
 y - an amulet of the acrobat (around neck)
Wands
 A - a wand of enslavement (5)
 E - a wand of flame (26)
 G - a wand of random effects (17)
Scrolls
 e - 6 scrolls of remove curse
 h - a scroll of fear
 k - 5 scrolls of immolation
 l - 2 scrolls of teleportation
 o - 4 scrolls of identify
 v - a scroll of amnesia
 F - a scroll of magic mapping {unknown}
Potions
 c - 2 potions of curing
 g - 5 potions of lignification
 n - 3 potions of flight
 r - a potion of attraction
 w - a potion of haste
 z - a potion of berserk rage
 B - a potion of might
 C - 2 potions of mutation
 D - 2 potions of brilliance
Miscellaneous
 I - a phantom mirror


   Skills:
 - Level 4.0(9.0) Fighting
 - Level 12.0(17.0) Slings
 - Level 6.0(11.0) Dodging
 - Level 4.0(9.0) Stealth
 - Level 4.0(9.0) Shields
 + Level 6.3 Invocations
 - Level 4.0 Evocations


You had 9 spell levels left.
You didn't know any spells.
Your spell library contained the following spells:

 Spells                   Type           Power        Failure   Level
 Passwall                 Tmut/Erth      #.......     100%        2
 Swiftness                Air            #.......     100%        2
 Passage of Golubria      Tloc           N/A          100%        4
 Lee's Rapid Deconstruct  Erth           #.........   100%        5
 Invisibility             Hex            #.......     100%        6


Dungeon Overview and Level Annotations

Branches:
Dungeon (10/15)            Temple (1/1) D:4             Orc (0/2) D:9
Ossuary (visited)
   Lair: D:8-11

Altars:
Ashenzari
Elyvilon
Fedhas
Gozag
Hepliaklqana
Kikubaaqudgha
Makhleb
Nemelex Xobeh
Okawaru
Ru
Sif Muna
Trog
Uskayaw
Vehumet
Wu Jian
Xom
Yredelemnul
Zin
The Shining One

Shops:
D:6 (

Annotations:
D:3 1 runed translucent door, Crazy Yiuf


Innate Abilities, Weirdness & Mutations

You are small and have problems with some larger weapons.
You are somewhat resistant to further mutation.


Message History

Okay, then.
You feel better.
The shadow strikes at you from the darkness!
* * * LOW HITPOINT WARNING * * *
Unknown command.
As you read the scroll of fear, it crumbles to dust.
You assume a fearsome visage.
The phantom is unaffected.
The shadow is unaffected.
The phantom misses you. The shadow barely misses you.
Unknown command.
Okay, then.
You feel better. You block the phantom's attack.
The shadow slips into darkness.
The shadow flickers and vanishes!
Deactivating autopickup; reactivate with Ctrl-A.
Unknown command.
You hit the phantom.
The phantom is moderately damaged.
The phantom hits you but does no damage.
The shadow strikes at you from the darkness!
You die...

#.............
###...#.......
###W.#.......
###...>#.######
#(...###.#
#.#....#.#
#(#....#.##
#{#..#....#
#@#.......#
#[W)#####.#
###..))...#
#.####### #.#
###


You could see a phantom.

Vanquished Creatures
  Prince Ribbit (D:5)
  A shadow (D:9)
  A steam dragon (D:7)
  A hornet zombie (D:7)
  An ice beast (D:5)
  An orc warrior (D:9)
  3 ogres
  2 black bears (D:7)
  A phantom (D:4)
  A centaur (D:6)
  A big kobold (D:7)
  A bullfrog (D:7)
  A water moccasin skeleton (D:4)
  9 wights
  A howler monkey (D:5)
  2 centaur zombies (D:4)
  A bullfrog zombie (D:7)
  4 jellies
  A hound (D:5)
  2 iguanas (D:6)
  2 centaur skeletons
  Terence (D:3)
  Jessica (D:2)
  2 orc wizards
  3 worker ants
  3 big kobold zombies (Ossuary)
  2 ogre zombies (D:9)
  A hound skeleton (D:3)
  5 mummies
  A howler monkey zombie (D:4)
  5 worker ant zombies
  8 adders
  A howler monkey skeleton (D:6)
  A shadow imp (D:5)
  A white imp (D:7)
  10 oozes
  3 adder zombies
  An adder skeleton (D:4)
  2 dart slugs
  A leopard gecko (D:3)
  15 orcs
  4 giant cockroaches
  2 gnoll zombies (D:7)
  6 goblins
  6 hobgoblins
  5 jackals
  3 quokkas (D:3)
  A ball python (D:1)
  A ball python zombie (D:4)
  10 bats
  3 frilled lizards
  3 hobgoblin zombies (Ossuary)
  A jackal zombie (D:4)
  19 kobolds
  3 kobold zombies (Ossuary)
  A leopard gecko skeleton (D:4)
  3 leopard gecko zombies
  An orc skeleton (D:9)
  3 orc zombies (D:9)
  2 quokka zombies
  8 rats
190 creatures vanquished.

Vanquished Creatures (collateral kills)
  A kobold zombie (Ossuary)
  A rat zombie (Ossuary)
2 creatures vanquished.

Vanquished Creatures (others)
  6 fungi (D:4)
  7 toadstools (D:4)
13 creatures vanquished.

Grand Total: 205 creatures vanquished

Notes
Turn   | Place    | Note
-------+----------+-------------------------------------------
     0 | D:1      | tilp the Halfling Hunter began the quest for the Orb.
     0 | D:1      | Reached XP level 1. HP: 14/14 MP: 1/1
    80 | D:1      | Reached skill level 6 in Slings
   316 | D:1      | Reached XP level 2. HP: 19/19 MP: 2/2
  1032 | D:2      | Reached skill level 7 in Slings
  1032 | D:2      | Reached XP level 3. HP: 24/24 MP: 3/3
  1114 | D:2      | Found an ornate altar of the Wu Jian Council.
  1404 | D:2      | Noticed Jessica
  1575 | D:2      | Killed Jessica
  1575 | D:2      | Reached skill level 8 in Slings
  1575 | D:2      | Reached XP level 4. HP: 15/29 MP: 4/4
  2445 | D:3      | Reached XP level 5. HP: 33/34 MP: 5/5
  2759 | D:3      | Reached skill level 9 in Slings
  2911 | D:3      | Found a runed translucent door.
  2911 | D:3      | Noticed Terence
  2926 | D:3      | Killed Terence
  2927 | D:3      | Noticed Crazy Yiuf
  3166 | D:3      | Found a broken altar of Ashenzari.
  3399 | D:4      | Noticed a phantom
  3408 | D:4      | Killed a phantom
  3408 | D:4      | Reached skill level 10 in Slings
  3408 | D:4      | Reached XP level 6. HP: 39/39 MP: 6/6
  3425 | D:4      | Found a staircase to the Ecumenical Temple.
  3524 | Temple   | Entered the Ecumenical Temple
  3689 | Temple   | Became a worshipper of Warmaster Okawaru
  3863 | D:4      | Reached skill level 11 in Slings
  3863 | D:4      | Reached XP level 7. HP: 33/44 MP: 7/7
  4270 | D:4      | Reached skill level 12 in Slings
  4270 | D:4      | Reached skill level 1 in Shields
  4463 | D:4      | Found an ancient bone altar of Kikubaaqudgha.
  4698 | D:5      | Entered Level 5 of the Dungeon
  4821 | D:5      | Reached * piety under Okawaru
  4821 | D:5      | Reached XP level 8. HP: 34/49 MP: 8/8
  5343 | D:5      | Found a bloodstained altar of Trog.
  5509 | D:5      | Reached skill level 1 in Invocations
  5751 | D:5      | Found a sacrificial altar of Ru.
  5753 | D:5      | Found a radiant altar of Vehumet.
  5753 | D:5      | Found a sparkling altar of Nemelex Xobeh.
  5804 | D:5      | Noticed Prince Ribbit
  5819 | D:5      | Killed Prince Ribbit
  5975 | D:6      | Reached ** piety under Okawaru
  5988 | D:6      | Found a sand-covered staircase.
  6051 | Ossuary  | Entered an ossuary
  6537 | D:6      | Found Wiuntex's Weapon Shoppe.
  6546 | D:6      | Reached XP level 9. HP: 57/57 MP: 11/11
  6618 | D:6      | Found a shimmering blue altar of Sif Muna.
  6935 | D:6      | Found a glowing silver altar of Zin.
  6935 | D:6      | Noticed an angel
  7072 | D:6      | Found a hazy altar of Hepliaklqana.
  7305 | D:7      | Found a sparkling altar of Nemelex Xobeh.
  7436 | D:7      | Reached skill level 5 in Dodging
  7748 | D:7      | Reached *** piety under Okawaru
  7748 | D:7      | Reached skill level 5 in Invocations
  7936 | D:7      | Found a basalt altar of Yredelemnul.
  8267 | D:8      | You fall into a shaft and drop 2 floors!
  8267 | D:10     | Entered Level 10 of the Dungeon
  8589 | D:9      | Received a gift from Okawaru
  8589 | D:9      | Reached skill level 1 in Evocations
  8673 | D:9      | Reached XP level 10. HP: 54/63 MP: 14/14
  8812 | D:9      | Found a staircase to the Orcish Mines.
  8868 | D:9      | HP: 2/63 [something (21)]
  8871 | D:9      | Mangled by a shadow

Illustrated notes

Levels and vault maps discovered:
D:1:      dpeg_arrival_line_fractal, layout_basic
D:2:      layout_loops_corners, marbit_many_paths, uniq_jessica
D:3:      layout_loops_cross, lemuel_coloured_pillars_altar,
          chequers_serial_rivers_large_b, uniq_crazy_yiuf_cottage, uniq_terence
D:4:      cheibrodos_fertilizer, layout_cave_pools, kiku_gazebo_pond_becter,
          minmay_temple_entry_large_hall, serial_undead, serial_undead_a,
          serial_undead_a, serial_undead_a, serial_undead_a, serial_undead_e,
          serial_undead_d
D:5:      layout_gridville, gammafunk_temple_overflow_forgotten, basic_altar,
          uniq_prince_ribbit1
D:6:      layout_basic, zin_angel, lemuel_doored_altar, serial_shops, shop,
          gup_ossuary_entry_pyramid, grunt_decor_one_mirror,
          lemuel_blue_sif_altar
D:7:      layout_basic, lemuel_zombie_altar_yredelemnul,
          nemelex_xobeh_ov_fountains_minmay
D:8:      layout_loops_ring, nicolae_overflow_quartered_altars,
          grunt_ministairs_7, nicolae_underground_beach, uniq_psyche
D:9:      layout_basic, lair_entry_dummy, zombieorc2_lemuel
D:10:     layout_roguey, grunt_ministairs_5, chequers_jeans,
          minmay_misc_feat_secret_circle, uniq_harold, uniq_fannar, uniq_urug
Temple:   compressed_dpeg_triangle_lava_temple

Skill      XL: |  1  2  3  4  5  6  7  8  9 10 |
---------------+-------------------------------+-----
Slings         | 6 7 8 10 11 12 | 12.0
Shields        | 3 4 |  4.0
Fighting       | 3 4 |  4.0
Stealth        | 3 4 |  4.0
Invocations    | 3 6 |  6.3
Dodging        | 3 6 |  6.0
Evocations     | 3 4 |  4.0

Action                   |  1- 3 |  4- 6 |  7- 9 | 10-12 || total
-------------------------+-------+-------+-------+-------++-------
Melee: Short sword       |    55 |    54 |     3 |       ||   112
       Dagger            |       |       |    50 |     7 ||    57
 Fire: Hunting sling     |    34 |   194 |   629 |    52 ||   909
Invok: Heroism           |       |       |     1 |     1 ||     2
Evoke: Wand              |       |       |     1 |       ||     1
  Use: Scroll            |     2 |     5 |    16 |     1 ||    24
       Potion            |       |       |       |     2 ||     2
Armor: Leather armour    |     5 |       |       |       ||     5
       Ring mail         |    17 |     6 |       |       ||    23
       Chain mail        |       |    26 |   151 |     8 ||   185
       Scale mail        |       |     7 |       |       ||     7
Dodge: Dodged            |    48 |    45 |   144 |     8 ||   245
Block: Buckler           |       |    22 |    84 |     3 ||   109

Table legend: (Time is in decaauts)
 A = Elapsed time spent in this place.
 B = Non-inter-level travel time spent in this place.
 C = Inter-level travel time spent in this place.
 D = Time resting spent in this place.
 E = Time spent auto-exploring this place.
 F = Levels seen in this place.
 G = Mean time per level.
                   A        B        C        D        E       F      G
               +--------+--------+--------+--------+--------+-----+--------+
         Total |   8562 |   8397 |    165 |   1097 |   5682 |  12 |  713.5 |
       Dungeon |   8058 |   7925 |    133 |   1015 |   5361 |  10 |  805.8 |
        Temple |    183 |    151 |     32 |      0 |    150 |   1 |  183.0 |
       Ossuary |    320 |    320 |      0 |     82 |    171 |   1 |  320.0 |
               +--------+--------+--------+--------+--------+-----+--------+

Top non-repeatable levels by time:
     D:5: 1204 daAuts
     D:1: 1140 daAuts
     D:4: 1126 daAuts
     D:2: 1084 daAuts
     D:3: 1080 daAuts
     D:7: 974 daAuts
     D:6: 881 daAuts
 Ossuary: 320 daAuts
    D:10: 299 daAuts
     D:9: 261 daAuts
  Temple: 183 daAuts
     D:8: 6 daAuts
